 Dungeon Crawl Stone Soup version 0.25-a0-1126-g5fd7b56c60 (webtiles) character file.

Game seed: 16689226108197144892, levelgen mode: deterministic

4319 Gynju the Destroyer (level 10, -1/59 HPs)
             Began as a Tengu Air Elementalist on May 19, 2020.
             Was a Believer of Sif Muna.
             Slain by an orc warrior
             ... wielding a +0 battleaxe
              (26 damage)
             ... on level 7 of the Dungeon.
             The game lasted 00:27:02 (12665 turns).

Gynju the Destroyer (Tengu Air Elementalist)       Turns: 12665, Time: 00:27:02

Health: -1/59      AC:  4    Str:  9    XL:     10   Next: 33%
Magic:  22/22      EV: 15    Int: 19    God:    Sif Muna [**....]
Gold:   480        SH:  6    Dex: 14    Spells: 11/23 levels left

rFire    . . .     SeeInvis +   F - +5 spear (freeze)
rCold    . . .     Gourm    .   y - +1 buckler
rNeg     . . .     Faith    .   a - +0 robe
rPois    +         Spirit   .   (helmet restricted)
rElec    .         Reflect  .   r - +0 cloak
rCorr    .         Harm     .   j - +0 pair of gloves
MR       .....                  (boots unavailable)
Stlth    ++........             (no amulet)
HPRegen  0.19/turn              m - ring of poison resistance
MPRegen  0.18/turn              u - ring of see invisible

@: sluggish, very slow
A: beak, talons 3, able to fly
a: Fly, Channel Magic, Renounce Religion


You were on level 7 of the Dungeon.
You worshipped Sif Muna.
Sif Muna was pleased with you.
You were hungry.

You visited 1 branch of the dungeon, and saw 9 of its levels.

You collected 480 gold pieces.

Inventory:

Hand Weapons
 F - a +5 spear of freezing (weapon)
Missiles
 f - 42 poisoned darts (quivered)
Armour
 a - a +0 robe (worn)
 j - a +0 pair of gloves (worn)
 r - a +0 cloak (worn)
 y - a +1 buckler (worn)
Magical Staves
 n - an uncursed staff of conjuration
Jewellery
 m - a ring of poison resistance (left hand)
 u - a ring of see invisible (right hand)
 w - an uncursed ring of fire
Wands
 o - a wand of paralysis (3)
 s - a wand of digging (7)
 v - a wand of iceblast (3)
 G - a wand of flame (42)
Scrolls
 g - 2 scrolls of remove curse {@r2}
 i - 5 scrolls of teleportation
 k - a scroll of enchant armour
 p - a scroll of fear
 q - 2 scrolls of blinking
 x - a scroll of identify {@r1}
Potions
 b - 3 potions of magic
 d - 3 potions of curing {@q1}
 e - a potion of heal wounds
 h - 3 potions of stabbing
 l - a potion of mutation
 z - 2 potions of flight
 A - 2 potions of haste
 D - a potion of might {unknown}
Comestibles
 c - 22 rations


   Skills:
 - Level 5.0 Fighting
 - Level 5.0 Dodging
 - Level 2.0 Stealth
 - Level 4.0 Shields
 + Level 7.4 Spellcasting
 - Level 10.0 Conjurations
 + Level 9.0 Air Magic


You had 11 spell levels left.
You knew the following spells:

 Your Spells              Type           Power        Failure   Level  Hunger
a - Shock                 Conj/Air       ####         1%          1    None
b - Airstrike             Air            #####.....   2%          4    ###....
c - Lightning Bolt        Conj/Air       #####.....   5%          5    #####..
d - Swiftness             Chrm/Air       ###.....     2%          2    None

Your spell library contained the following spells:

 Spells                   Type           Power        Failure   Level  Hunger
 Static Discharge         Conj/Air       #####...     1%          3    #......


Dungeon Overview and Level Annotations

Branches:
Dungeon (9/15)             Temple (0/1) D:7
   Lair: D:8-11         Orc: D:9-12

Altars:
Dithmenos
Fedhas
Kikubaaqudgha
Sif Muna
Trog
Wu Jian
Xom
Zin

Annotations:
D:2 Sigmund


Innate Abilities, Weirdness & Mutations

You have a beak for a mouth.
You have claws for feet.
You can fly continuously.


Message History

The orc warrior hits you with a +0 battleaxe!!
You block the orc's attack.
You climb upwards.
There is a stone staircase leading down here.
The orc barely misses you.
Casting: Swiftness (safe; 2% risk of failure)
Confirm with . or Enter, or press ? or * to list all spells.
You feel quick.
All of the chunks of flesh in your inventory have rotted away.
There is a stone staircase leading up, spattered with blood here.
The orc warrior hits you with a +0 battleaxe!!
You climb upwards.
You start to feel a little slower.
There is a stone staircase leading down here.
You feel sluggish. The orc warrior completely misses you.
The orc warrior closely misses you.
You start to feel a little faster.
The orc warrior hits you with a +0 battleaxe!!
You die...

..........#......(.....#....#....
.##....#####.......#.............
####....###......(.##............
.........###........##...........
.......#.........................
...####......#..##....#..........
...###......##..##...####........
#####....ยง..##..#.....##.........
#........##.@o....#..........
##............#.....#........
###..........#....####....##
###........#.....#####.###
###.##.....#.......# #.#
#.............##...# ###
###...........#...##
##.........##...# ####.########.##


You could see an orc warrior.

Vanquished Creatures
  A polar bear (D:9)
  A hungry ghost (D:7)
  A steam dragon (D:7)
  2 ice beasts
  2 orc warriors
  4 sky beasts
  4 phantoms
  2 ogres (D:6)
  2 centaurs
  A big kobold (D:8)
  5 bullfrogs
  2 scorpions
  A wyvern skeleton (D:7)
  A water moccasin skeleton (D:4)
  7 wights
  3 howler monkeys
  7 crimson imps
  A centaur zombie (D:8)
  4 hounds
  2 bullfrog skeletons
  A gnoll shaman (D:8)
  5 iguanas
  A jelly (D:6)
  An orc priest (D:6)
  10 orc wizards
  2 centaur skeletons
  6 worker ants
  A bullfrog simulacrum (D:9)
  Robin (D:2)
  3 adders
  6 gnolls (D:9)
  A shadow imp (D:5)
  2 white imps (D:9)
  3 oozes
  2 adder zombies
  A worm (D:6)
  A dart slug (D:1)
  4 leopard geckos
  35 orcs
  4 giant cockroaches
  12 goblins
  13 hobgoblins
  4 jackals
  10 kobolds
  3 quokkas
  4 ball pythons
  3 bats
  5 frilled lizards
  A leopard gecko skeleton (D:4)
  A quokka skeleton (D:5)
  3 rats
202 creatures vanquished.

Vanquished Creatures (others)
  An orc warrior (D:7)
  An ogre (D:7)
  A worker ant (D:7)
  A gnoll (D:7)
  2 orcs (D:7)
6 creatures vanquished.

Grand Total: 208 creatures vanquished

Notes
Turn   | Place    | Note
-------+----------+-------------------------------------------
     0 | D:1      | Gynju the Tengu Air Elementalist began the quest for the
                  | Orb.
     0 | D:1      | Reached XP level 1. HP: 10/10 MP: 4/4
   198 | D:1      | Reached XP level 2. HP: 13/15 MP: 0/6
   355 | D:1      | Reached skill level 2 in Conjurations
   680 | D:1      | Reached XP level 3. HP: 15/19 MP: 7/7
  1383 | D:2      | Noticed Robin
  1396 | D:2      | Killed Robin
  1397 | D:2      | Reached skill level 3 in Conjurations
  1397 | D:2      | Reached XP level 4. HP: 24/24 MP: 0/9
  1638 | D:2      | Reached skill level 5 in Air Magic
  1759 | D:2      | Noticed Sigmund
  1775 | D:2      | HP: 1/24 [Sigmund/puff of flame (9)]
  2510 | D:3      | Found a faded altar of an unknown god.
  2900 | D:3      | Gained mutation: You can fly continuously. [Tengu growth]
  2900 | D:3      | Reached XP level 5. HP: 28/28 MP: 7/10
  3075 | D:3      | Found a shimmering blue altar of Sif Muna.
  3080 | D:3      | Reached skill level 4 in Conjurations
  3088 | D:3      | Became a worshipper of Sif Muna the Loreminder
  3551 | D:4      | Noticed a phantom
  3587 | D:4      | Killed a phantom
  3587 | D:4      | Reached skill level 5 in Conjurations
  3587 | D:4      | Reached XP level 6. HP: 32/32 MP: 0/13
  3593 | D:4      | Learned a level 4 spell: Airstrike
  3692 | D:4      | Noticed a phantom
  3710 | D:4      | Killed a phantom
  3846 | D:4      | Reached skill level 6 in Conjurations
  3944 | D:4      | Reached XP level 7. HP: 32/36 MP: 5/15
  4630 | D:5      | Entered Level 5 of the Dungeon
  4718 | D:5      | Reached skill level 5 in Spellcasting
  4872 | D:5      | Reached skill level 7 in Conjurations
  5119 | D:5      | Reached skill level 1 in Fighting
  5295 | D:5      | Found an ornate altar of the Wu Jian Council.
  5316 | D:5      | Reached XP level 8. HP: 42/45 MP: 12/16
  5609 | D:5      | Found a shimmering blue altar of Sif Muna.
  6057 | D:6      | Reached skill level 5 in Dodging
  6404 | D:6      | Reached skill level 5 in Fighting
  6656 | D:6      | Reached skill level 1 in Shields
  7129 | D:6      | Found an ancient bone altar of Kikubaaqudgha.
  7131 | D:6      | Found a blossoming altar of Fedhas.
  7169 | D:7      | Reached * piety under Sif Muna
  7222 | D:7      | Reached XP level 9. HP: 27/54 MP: 0/18
  7451 | D:7      | Found a shimmering altar of Xom.
  7451 | D:7      | Found a shadowy altar of Dithmenos.
  8304 | D:7      | Found a shimmering altar of Xom.
  8467 | D:7      | Reached skill level 8 in Conjurations
  9251 | D:6      | HP: 2/54 [orc priest/nerve-wracking pain (12)]
  9793 | D:7      | Found a staircase to the Ecumenical Temple.
 10200 | D:7      | Learned a level 5 spell: Lightning Bolt
 10289 | D:8      | Reached ** piety under Sif Muna
 10300 | D:8      | Reached skill level 9 in Conjurations
 10754 | D:8      | You fall into a shaft and drop 1 floor!
 10754 | D:9      | Noticed a two-headed ogre
 10761 | D:9      | Noticed a polar bear
 10765 | D:8      | Reached XP level 10. HP: 47/59 MP: 18/21
 11764 | D:8      | Learned a level 2 spell: Swiftness
 12113 | D:9      | Reached skill level 10 in Conjurations
 12286 | D:9      | Found a bloodstained altar of Trog.
 12298 | D:9      | Found a glowing silver altar of Zin.
 12665 | D:7      | Slain by an orc warrior

Illustrated notes

Levels and vault maps discovered:
D:1:      dpeg_arrival_morbid_curiosity, layout_rooms, minmay_fountain_box
D:2:      layout_basic, uniq_sigmund, uniq_robin
D:3:      layout_loops_ring, chequers_ecumenical_altar_grove, led_sif_book
D:4:      layout_layer_cave, chequers_garden, hangedman_decor_clover_reticule
D:5:      layout_gridville, kennysheep_mini_moat, lemuel_crystal_altar,
          first_ration, nrook_mini_backslash, serial_bayou_lake_a
D:6:      layout_basic, grunt_temple_overflow_growth_and_decay,
          minmay_liquid_box
D:7:      layout_cave_pools, amethyst_overflow_temple_binary,
          minmay_temple_entry_purple_smoke, xom_confusion_cloud
D:8:      layout_cave_pools, blue_anna_alchemist [blue_anna_fruit_fields,
          blue_anna_fruit_fields]
D:9:      layout_layer_cave, nicolae_overflow_hidden_temple, zin_academy,
          nicolae_overflow_crystal_walls, serial_ice, serial_ice_e,
          serial_ice_b, serial_ice_m, serial_ice_j, serial_ice_f, serial_ice_h,
          serial_shops, shop

Skill      XL: |  1  2  3  4  5  6  7  8  9 10 |
---------------+-------------------------------+-----
Conjurations   | 2 3 5 6 7 9 10 | 10.0
Air Magic      | 5 7 9 |  9.0
Spellcasting   | 3 4 5 6 7 |  7.4
Fighting       | 2 5 |  5.0
Dodging        | 3 5 |  5.0
Shields        | 2 4 |  4.0
Stealth        | |  2.0

Action                   |  1- 3 |  4- 6 |  7- 9 | 10-12 || total
-------------------------+-------+-------+-------+-------++-------
Melee: Unarmed           |     3 |       |       |       ||     3
       Kick              |     1 |     1 |     2 |       ||     4
       Peck              |     1 |       |     1 |     1 ||     3
       Mace              |       |     3 |     5 |       ||     8
       Spear             |       |       |       |     2 ||     2
 Cast: Shock             |    70 |   131 |   369 |    99 ||   669
       Airstrike         |       |       |    13 |     3 ||    16
       Lightning Bolt    |       |       |       |     7 ||     7
       Swiftness         |       |       |       |     3 ||     3
  Use: Scroll            |       |       |     8 |    11 ||    19
  Eat: Chunk             |     2 |     7 |    20 |     7 ||    36
       Ration            |       |       |     2 |       ||     2
Armor: Robe              |       |     3 |    21 |     3 ||    27
Dodge: Dodged            |     4 |    11 |   121 |    26 ||   162
Block: Buckler           |       |       |    37 |     7 ||    44

Table legend:
 A = Non-vault XP
 B = Vault XP
 C = Vault XP percentage of total XP
 D = Non-vault monster count
 E = Vault monster count
 F = Vault count percentage of total count
                 A         B        C        D         E       F
            +---------+---------+-------+---------+---------+-------
      Total |    5320 |     850 |  13.8 |     177 |      25 |  12.4
            +---------+---------+-------+---------+---------+-------
        D:1 |      33 |      10 |  23.3 |      19 |       5 |  20.8
        D:2 |      22 |      33 |  60.0 |      10 |      10 |  50.0
        D:3 |     118 |      75 |  38.9 |      28 |       2 |   6.7
        D:4 |     434 |       0 |   0.0 |       8 |       0 |   0.0
        D:5 |     690 |       0 |   0.0 |      19 |       0 |   0.0
        D:6 |    1104 |      40 |   3.5 |      26 |       1 |   3.7
        D:7 |    1623 |     129 |   7.4 |      31 |       1 |   3.1
        D:8 |     999 |     100 |   9.1 |      26 |       1 |   3.7
        D:9 |     297 |     463 |  60.9 |      10 |       5 |  33.3
            +---------+---------+-------+---------+---------+-------
